 Dungeon Crawl Stone Soup version 0.27.1-1-g398f81649c (webtiles) character file.

Game seed: 16268786527280815233

228 Tsarbomb the Cleaver (level 6, 0/51 HPs)
             Began as a Hill Orc Monk on Sept 6, 2021.
             Was an Initiate of Beogh.
             Killed by a bolt of acid (24 damage)
             ... invoked by the enmity of Fedhas Madash
             ... on level 4 of the Dungeon.
             The game lasted 00:09:43 (4690 turns).

Tsarbomb the Cleaver (Hill Orc Monk)                Turns: 4690, Time: 00:09:44

Health: 0/51       AC:  6    Str: 16    XL:     6   Next: 2%
Magic:  6/6        EV: 10    Int: 10    God:    Beogh [......]
Gold:   123        SH:  0    Dex: 13    Spells: 5/5 levels left

rFire    . . .     SeeInvis .   l - +1 flail (protect)
rCold    . . .     Faith    .   (no shield)
rNeg     . . .     Spirit   .   m - +0 scale mail
rPois    .         Reflect  .   (no helmet)
rElec    .         Harm     .   (no cloak)
rCorr    .         Rampage  .   (no gloves)
Will     .....                  (no boots)
Stlth    ..........             (no amulet)
HPRegen  0.17/turn              (no ring)
MPRegen  0.10/turn              (no ring)

@: no status effects
A: no striking features
a: Renounce Religion


You were on level 4 of the Dungeon.
You worshipped Beogh.
Beogh was noncommittal.
You visited 1 branch of the dungeon, and saw 4 of its levels.

You collected 123 gold pieces.

Inventory:

Hand Weapons
 a - a +0 hand axe
 l - a +1 flail of protection (weapon)
Armour
 b - a +0 robe
 m - a +0 scale mail (worn)
Scrolls
 c - a scroll of enchant weapon {unknown}
 d - 2 scrolls of magic mapping {unknown}
 g - a scroll of brand weapon {unknown}
 h - a scroll of noise {unknown}
 i - a scroll of acquirement {unknown}
Potions
 e - 3 potions of curing {unknown}
 f - a potion of heal wounds {unknown}
 j - a potion of mutation {unknown}
 k - a potion of degeneration {unknown}
 n - a potion of might {unknown}


   Skills:
 - Level 3.6 Fighting
 + Level 8.4 Axes
 - Level 2.4 Dodging
 - Level 1.5 Stealth
 + Level 1.1 Invocations


You had 5 spell levels left.
You didn't know any spells.
Your spell library contained the following spells:

 Spells                   Type           Power      Damage    Failure   Level
 Gell's Gravitas          Tloc           0%         N/A       99%         3
 Lesser Beckoning         Tloc           0%         N/A       99%         3
 Teleport Other           Tloc           0%         N/A       99%         3


Dungeon Overview and Level Annotations

Branches:
Dungeon (4/15)
 Temple: D:4-7

Altars:
Fedhas

Shops:
D:3 =

Annotations:
D:4 1 transporter


Message History

The hound bites you.
The endoplasm hits you but does no damage.
The hound barely misses you.
You barely miss the hound.
The hound is lightly wounded.
The hound barely misses you.
The endoplasm hits you but does no damage.
The hound bites you.
You barely miss the hound.
The hound is lightly wounded.
The hound bites you but does no damage. The endoplasm misses you.
You sock the hound!
Your weapon exudes an aura of protection.
The hound is severely wounded.
The hound bites you but does no damage. The endoplasm hits you.
The hound bites you but does no damage. The endoplasm closely misses you.
You sock the hound!
You kill the hound!
Beogh accepts your kill. The endoplasm closely misses you.
You have reached level 6!
Your experience leads to an increase in your attributes!
Increase (S)trength, (I)ntelligence, or (D)exterity?
You feel stronger.
You hit the endoplasm.
The endoplasm is heavily wounded.
The endoplasm freezes you.
You are frozen.
You thump the endoplasm!
You kill the endoplasm!
Beogh accepts your kill.
No target in view!
No target in view!
Fedhas invokes nature against you. The bolt of acid hits you!!
You are splashed with acid!
* * * LOW HITPOINT WARNING * * *
You start resting.
Fedhas invokes nature against you. The bolt of acid hits you!!
You die...

#.......########
+.......'.......
#.......########
#.......######
#............#
#............#
#............#
#............#
#######.@....#
#.†)...#
#......#
#.(....#
#......#
#......#
#......#
########


You could see the enmity of Fedhas Madash (unaware).

Vanquished Creatures
  A hound (D:4)
  A hound skeleton (D:4)
  6 adders
  6 worms
  5 dart slugs
  3 orcs (D:3)
  12 endoplasms
  6 giant cockroaches
  4 hobgoblins
  6 jackals (D:1)
  3 quokkas (D:1)
  13 ball pythons
  8 bats
  A frilled lizard (D:3)
  7 goblins
  7 kobolds
  A quokka skeleton (D:4)
  6 rats
96 creatures vanquished.

Vanquished Creatures (others)
  A ball python (D:3)
1 creature vanquished.

Grand Total: 97 creatures vanquished

Notes
Turn   | Place    | Note
-------+----------+-------------------------------------------
     0 | D:1      | Tsarbomb the Hill Orc Monk began the quest for the Orb.
     0 | D:1      | Reached XP level 1. HP: 19/19 MP: 1/1
   222 | D:1      | Reached XP level 2. HP: 25/26 MP: 2/2
   334 | D:1      | Reached skill level 5 in Axes
   499 | D:1      | Reached XP level 3. HP: 25/31 MP: 3/3
   521 | D:1      | Found a faded altar of an unknown god.
   762 | D:1      | Became a worshipper of Fedhas Madash
   762 | D:1      | Reached * piety under Fedhas
   762 | D:1      | Reached ** piety under Fedhas
  1197 | D:1      | Reached skill level 6 in Axes
  1552 | D:2      | Reached XP level 4. HP: 24/39 MP: 4/4
  2006 | D:2      | Reached *** piety under Fedhas
  2318 | D:2      | Reached skill level 7 in Axes
  2595 | D:3      | Found Tecs's Jewellery Shoppe.
  2838 | D:3      | Reached XP level 5. HP: 9/45 MP: 2/5
  3423 | D:3      | Fell from the grace of Fedhas
  3423 | D:3      | Became a worshipper of Beogh the Brigand
  3986 | D:4      | Found a transporter.
  4017 | D:4      | Reached skill level 1 in Invocations
  4251 | D:4      | Reached skill level 8 in Axes
  4537 | D:4      | Reached XP level 6. HP: 40/51 MP: 6/6
  4690 | D:4      | Killed by a bolt of acid

Illustrated notes

Levels and vault maps discovered:
D:1:      matt_arrival_diagonals, layout_loops_ring,
          hellmonk_ecumenical_altar_crossroads, hangedman_feature_mirror
D:2:      layout_loops_ring, minivault_24
D:3:      layout_basic, serial_shops, nicolae_square_shop
D:4:      gammafunk_cloud_chamber, layout_basic, minmay_temple_entry_slanted

Skill      XL: |  1  2  3  4  5 |
---------------+----------------+-----
Axes           | 5 6 7 8 |  8.4
Invocations    | 1 |  1.1
Fighting       | |  3.6
Dodging        | |  2.4
Stealth        | |  1.5

Action                   |  1- 3 |  4- 6 || total
-------------------------+-------+-------++-------
Melee: Hand axe          |   122 |    89 ||   211
       Flail             |       |    95 ||    95
Invok: Wall of Briars    |     1 |     1 ||     2
       Grow Ballistomyce |       |     1 ||     1
       Convert to Beogh  |       |     1 ||     1
 Stab: Sleeping          |     3 |     5 ||     8
       Distracted        |     1 |       ||     1
Armor: Robe              |    27 |    14 ||    41
       Scale mail        |       |    62 ||    62
Dodge: Dodged            |   103 |   110 ||   213
